 Dungeon Crawl Stone Soup version 0.26-a0-683-g5206c1d7ac (webtiles) character file.

Game seed: 17845130740392804076

19247 MordorOrchid the Covert (level 12, -10/97 HPs)
             Began as a Gnoll Delver on Oct 22, 2020.
             Was a Priest of Yredelemnul.
             Killed from afar by a hell hound (12 damage)
             ... with a blast of flame
             ... led by Azrael
             ... on level 13 of the Dungeon.
             The game lasted 01:13:07 (12122 turns).

MordorOrchid the Covert (Gnoll Delver)             Turns: 12122, Time: 01:13:07

Health: -10/97     AC: 11    Str: 15    XL:     12   Next: 67%
Magic:  14/23      EV: 18    Int: 17    God:    Yredelemnul [***...]
Gold:   491        SH:  6    Dex: 17    Spells: 15/26 levels left

rFire    . . .     SeeInvis .   O - +1 scimitar (flame)
rCold    . . .     Faith    .   W - +0 buckler
rNeg     . . .     Spirit   .   A - +0 steam dragon scales
rPois    .         Reflect  .   G - +0 helmet
rElec    .         Harm     .   u - +1 cloak {Stlth+}
rCorr    .         Rampage  .   I - +0 pair of gloves
MR       .....                  (no boots)
Stlth    ++........             (no amulet)
HPRegen  0.26/turn              L - ring of wizardry
MPRegen  0.18/turn              (no ring)

@: liquid flames, glowing, studying Hexes, lightly drained
A: distributed training, fangs 1, strong nose
a: Recall Undead Slaves, Injury Mirror, Animate Dead, Renounce Religion


You were on level 13 of the Dungeon.
You worshipped Yredelemnul.
Yredelemnul was most pleased with you.
You visited 2 branches of the dungeon, and saw 12 of its levels.
You also visited: Sewer.

You collected 761 gold pieces.
You spent 270 gold pieces at shops.

Inventory:

Hand Weapons
 a - a +5 scimitar of freezing
 j - a +0 hand crossbow
 y - a +4 dagger of venom
 z - a +0 hunting sling
 D - a +1 dagger of draining
 F - a +4 quarterstaff of chaos
 J - the +1 short sword of the Shark {elec, rPois rC++}
   (You bought it in a shop on level 8 of the Dungeon)

   Occasionally, upon striking a foe, it will discharge some electrical energy
   and cause terrible harm.
   It greatly protects you from cold.
   It protects you from poison.
 O - a +1 scimitar of flaming (weapon)
 V - a +2 falchion of protection
Missiles
 i - 371 arrows
 m - 143 sling bullets
 n - 97 stones
 o - 11 poisoned darts
 p - 22 bolts
 r - 9 boomerangs (quivered)
 Q - a curare-tipped dart
Armour
 u - a +1 cloak of stealth (worn)
 v - a +0 chain mail
 A - +0 steam dragon scales (worn)
 G - a +0 helmet (worn)
 I - a +0 pair of gloves (worn)
 N - a +0 troll leather armour
 U - the +2 robe of the Orb Guardian {rPois SInv}
   (You found it on level 13 of the Dungeon)

   It protects you from poison.
   It lets you see invisible.
 W - a +0 buckler (worn)
Jewellery
 L - a ring of wizardry (left hand)
 P - a +4 ring of slaying
Wands
 b - a wand of random effects (11)
 f - a wand of flame (15)
 g - a wand of digging (6)
 h - a wand of polymorph (1)
 C - a wand of iceblast (4)
 E - a wand of enslavement (14)
 H - a wand of acid (15)
 K - a wand of paralysis (7)
 R - a wand of disintegration (19)
Scrolls
 c - a scroll of fog
 d - a scroll of magic mapping
 e - 3 scrolls of fear
 l - 8 scrolls of teleportation
 t - 3 scrolls of remove curse
 w - 2 scrolls of enchant armour
 M - a scroll of immolation
 T - 2 scrolls of noise
Potions
 k - a potion of stabbing
 s - 8 potions of curing
 x - 5 potions of heal wounds
 B - 2 potions of might
 S - a potion of haste
Books
 q - a manual of Hexes


   Skills:
 + Level 10.0(9.8) Fighting
 + Level 7.5(7.3) Short Blades
 + Level 8.9(8.7) Long Blades
 + Level 7.5(7.3) Axes
 + Level 7.5(7.3) Maces & Flails
 + Level 7.5(7.3) Polearms
 + Level 7.5(7.3) Staves
 + Level 7.5(7.3) Slings
 + Level 7.5(7.3) Bows
 + Level 7.5(7.3) Crossbows
 + Level 7.5(7.3) Throwing
 + Level 7.5(7.3) Armour
 + Level 8.9(8.7) Dodging
 + Level 11.9(11.7) Stealth
 + Level 7.5(7.3) Shields
 + Level 7.5(7.3) Unarmed Combat
 + Level 7.5(7.3) Spellcasting
 + Level 6.2(6.1) Conjurations
 + Level 8.7(8.6) Hexes
 + Level 6.2(6.1) Summonings
 + Level 6.2(6.1) Necromancy
 + Level 6.2(6.1) Translocations
 + Level 6.2(6.1) Transmutations
 + Level 6.2(6.1) Fire Magic
 + Level 6.2(6.1) Ice Magic
 + Level 6.2(6.1) Air Magic
 + Level 6.2(6.1) Earth Magic
 + Level 6.2(6.1) Poison Magic
 + Level 8.2(8.1) Invocations
 + Level 7.5(7.3) Evocations


You had 15 spell levels left.
You knew the following spells:

 Your Spells              Type           Power        Failure   Level
b - Ensorcelled Hibernat  Hex/Ice        ####..       1%          2
d - Tukima's Dance        Hex            #####...     1%          3
e - Dazzling Flash        Conj/Hex       ####..       1%          3
A - Confusing Touch       Hex            #####...     1%          3

Your spell library contained the following spells:

 Spells                   Type           Power        Failure   Level
 Corona                   Hex            #####..      1%          1


Dungeon Overview and Level Annotations

Branches:
Dungeon (13/15)            Temple (1/1) D:7            Lair (0/6) D:10
    Orc (0/2) D:9          Vaults (0/5) D:13          Sewer (visited)

Altars:
Ashenzari
Cheibriados
Dithmenos
Elyvilon
Fedhas
Hepliaklqana
Kikubaaqudgha
Nemelex Xobeh
Sif Muna
Trog
Vehumet
Yredelemnul
The Shining One

Shops:
D:5 ?   D:8 (   D:9 [

Annotations:
D:8 exclusion: upstairs
D:13 Azrael, Josephine, Kirke


Innate Abilities, Weirdness & Mutations

Your experience applies equally to all skills.
You have very sharp teeth.
Your uncanny sense of smell can sniff out nearby items.


Message History

The fire elemental misses you. The hell hound breathes flames at you.
The blast of flame hits you but does no damage.
The blast of flame hits your flying skull!
Your flying skull resists.
Your flying skull hits the fire elemental!
The hell hound bites your flying skull!
You barely miss the hell hound.
You bite the hell hound, but do no damage.
The hell hound is heavily wounded.
You are covered in liquid flames!
* * * LOW HITPOINT WARNING * * *
Your flying skull closely misses the fire elemental.
The hell hound bites you.
* * * LOW HITPOINT WARNING * * *
The fire elemental closely misses your flying skull.
The hell hound breathes flames at you. The blast of flame hits you!
You die...
Your body rises from the dead as a mindless zombie.

#..........#.##.#
###............##.#
.......∩<....# #.#
.....(.<>....# #.# #
∆ ..........$..#
#.#.#
..........†..####.#.#
...$.R°.......).....#
......EE.....####.#.#
.....°h@z....# #...#
.....##h###..# ###.#
...○. #.# #..... .#
.☼ ... .#.#:# #
##....#...#
####.#####


You could see Azrael (confused), 2 fire elementals, 2 hell hounds and a friendly
flying skull.

Vanquished Creatures
  Snorg (D:13)
  2 two-headed ogres
  A centaur warrior (D:13)
  An ugly thing (D:11)
  Maurice (D:12)
  Joseph (D:7)
  3 centaur zombies
  Maggie (D:7)
  A centaur skeleton (D:10)
  An efreet (D:13)
  A tengu conjurer (D:13)
  5 trolls
  2 polar bears (D:11)
  A hornet (D:8)
  A shadow (D:11)
  A wyvern (D:12)
  3 vampires
  4 hogs (D:13)
  9 yaks
  9 humans
  8 orc warriors
  3 sky beasts
  2 black bears
  9 killer bees
  2 wolves (D:10)
  5 ice beasts
  2 necrophages (D:8)
  2 phantoms
  5 ogres
  12 centaurs
  2 big kobolds (D:8)
  8 bullfrogs
  2 water moccasin zombies
  2 scorpions
  A water moccasin skeleton (D:7)
  9 wights
  13 electric eels
  6 orc priests
  10 hounds
  3 jellies
  2 gnoll shamans (D:8)
  18 orc wizards
  2 bullfrog skeletons
  Crazy Yiuf (D:6)
  Ijyb (D:5)
  2 iguanas
  7 worker ants
  A bullfrog simulacrum (D:11)
  A centaur simulacrum (D:11)
  2 worker ant zombies
  9 gnolls (D:8)
  11 adders
  A shadow imp (D:9)
  4 white imps
  3 ufetubi
  An adder skeleton (D:6)
  A worm (D:4)
  A dart slug (D:4)
  5 leopard geckos
  52 orcs
  3 ball pythons
  11 giant cockroaches
  4 hobgoblins (D:8)
  6 jackals
  7 kobolds (D:8)
  4 frilled lizards (Sewer)
  A quokka skeleton (D:8)
  A quokka zombie (D:7)
317 creatures vanquished.

Vanquished Creatures (collateral kills)
  A tengu warrior (D:13)
  A fire elemental (D:13)
  A human (D:13)
  A hell hound (D:13)
  2 orcs (D:8)
  A quokka (D:8)
7 creatures vanquished.

Vanquished Creatures (others)
  A hydra (D:13)
  A manticore (D:13)
  A centaur skeleton (D:13)
  2 flying skulls (D:13)
  A dancing weapon (D:10)
  A soldier ant (D:13)
  An eye of draining (D:13)
  A killer bee (D:10)
  An orc priest (D:8)
  A hound (D:12)
  A jelly (D:13)
  A bullfrog zombie (D:13)
  A mummy (D:13)
  A fungus (D:6)
  32 plants (D:8)
47 creatures vanquished.

Grand Total: 371 creatures vanquished

Notes
Turn   | Place    | Note
-------+----------+-------------------------------------------
     0 | D:5      | Reached skill level 9 in Stealth
     0 | D:5      | MordorOrchid the Gnoll Delver began the quest for the Orb.
     0 | D:5      | Reached XP level 1. HP: 23/23 MP: 1/1
     8 | D:4      | Reached XP level 2. HP: 29/29 MP: 2/2
    15 | D:4      | Found an ancient bone altar of Kikubaaqudgha.
   192 | D:5      | Found a glowing drain.
   201 | Sewer    | Entered a sewer
   244 | Sewer    | Reached XP level 3. HP: 30/35 MP: 3/3
   337 | Sewer    | Reached skill level 1 in Invocations
   694 | Sewer    | Reached skill level 1 in Short Blades
   694 | Sewer    | Reached skill level 1 in Axes
   694 | Sewer    | Reached skill level 1 in Maces & Flails
   694 | Sewer    | Reached skill level 1 in Polearms
   694 | Sewer    | Reached skill level 1 in Staves
   694 | Sewer    | Reached skill level 1 in Slings
   694 | Sewer    | Reached skill level 1 in Bows
   694 | Sewer    | Reached skill level 1 in Crossbows
   694 | Sewer    | Reached skill level 1 in Throwing
   694 | Sewer    | Reached skill level 1 in Armour
   694 | Sewer    | Reached skill level 1 in Shields
   694 | Sewer    | Reached skill level 1 in Unarmed Combat
   694 | Sewer    | Reached skill level 1 in Spellcasting
   694 | Sewer    | Reached skill level 1 in Evocations
   696 | Sewer    | Reached XP level 4. HP: 37/41 MP: 5/5
   807 | Sewer    | Noticed a bullfrog
   822 | Sewer    | Killed a bullfrog
   822 | Sewer    | Reached skill level 1 in Conjurations
   822 | Sewer    | Reached skill level 1 in Hexes
   822 | Sewer    | Reached skill level 1 in Summonings
   822 | Sewer    | Reached skill level 1 in Necromancy
   822 | Sewer    | Reached skill level 1 in Translocations
   822 | Sewer    | Reached skill level 1 in Transmutations
   822 | Sewer    | Reached skill level 1 in Fire Magic
   822 | Sewer    | Reached skill level 1 in Ice Magic
   822 | Sewer    | Reached skill level 1 in Air Magic
   822 | Sewer    | Reached skill level 1 in Earth Magic
   822 | Sewer    | Reached skill level 1 in Poison Magic
   822 | Sewer    | Reached XP level 5. HP: 25/47 MP: 5/7
  1051 | D:5      | Noticed Ijyb
  1081 | D:5      | Killed Ijyb
  1087 | D:5      | Found a broken altar of Ashenzari.
  1090 | D:5      | Found a sparkling altar of Nemelex Xobeh.
  1091 | D:5      | Found a blossoming altar of Fedhas.
  1366 | D:5      | Noticed a centaur
  1400 | D:5      | Killed a centaur
  1400 | D:5      | Reached XP level 6. HP: 28/53 MP: 8/8
  1714 | D:4      | Reached skill level 5 in Long Blades
  1714 | D:4      | Reached skill level 5 in Dodging
  1728 | D:4      | Reached XP level 7. HP: 29/59 MP: 10/10
  2028 | D:5      | Found Iteex's Magic Scroll Shoppe.
  2035 | D:5      | Bought a scroll of identify for 28 gold pieces
  2035 | D:5      | Bought a scroll of teleportation for 42 gold pieces
  2048 | D:5      | Found a shimmering blue altar of Sif Muna.
  2072 | D:5      | Found a bloodstained altar of Trog.
  2817 | D:5      | Reached skill level 10 in Stealth
  2916 | D:6      | Reached XP level 8. HP: 48/67 MP: 12/12
  3537 | D:6      | Found a glowing golden altar of the Shining One.
  3783 | D:7      | Noticed Maggie
  3806 | D:7      | Killed Maggie
  3806 | D:7      | Reached XP level 9. HP: 58/73 MP: 14/14
  3819 | D:7      | Noticed Joseph
  3822 | D:7      | Found a hazy altar of Hepliaklqana.
  3847 | D:7      | Killed Joseph
  4177 | D:6      | Found a runed translucent door.
  4178 | D:6      | Noticed Crazy Yiuf
  4652 | D:6      | Killed Crazy Yiuf
  4740 | D:7      | Found a shadowy altar of Dithmenos.
  4817 | D:7      | Found a staircase to the Ecumenical Temple.
  4833 | Temple   | Entered the Ecumenical Temple
  4877 | Temple   | Became a worshipper of Yredelemnul the Dark
  5106 | D:7      | Reached skill level 5 in Hexes
  5181 | D:8      | Reached skill level 5 in Invocations
  5318 | D:8      | Reached XP level 10. HP: 48/80 MP: 17/17
  5356 | D:8      | Was placed under penance by Yredelemnul
  5365 | D:8      | Found Aseleici's Antique Weapon Shoppe.
  5376 | D:8      | Bought a fine short sword for 200 gold pieces
  5376 | D:8      | Identified the cursed +1 short sword of the Shark {elec,
                  | rPois rC++} (You bought it in a shop on level 8 of the
                  | Dungeon)
  5469 | D:8      | Reached skill level 5 in Short Blades
  5469 | D:8      | Reached skill level 5 in Axes
  5469 | D:8      | Reached skill level 5 in Maces & Flails
  5469 | D:8      | Reached skill level 5 in Polearms
  5469 | D:8      | Reached skill level 5 in Staves
  5469 | D:8      | Reached skill level 5 in Slings
  5469 | D:8      | Reached skill level 5 in Bows
  5469 | D:8      | Reached skill level 5 in Crossbows
  5469 | D:8      | Reached skill level 5 in Throwing
  5469 | D:8      | Reached skill level 5 in Armour
  5469 | D:8      | Reached skill level 5 in Shields
  5469 | D:8      | Reached skill level 5 in Unarmed Combat
  5469 | D:8      | Reached skill level 5 in Spellcasting
  5469 | D:8      | Reached skill level 5 in Evocations
  6117 | D:8      | Was forgiven by Yredelemnul
  6592 | D:9      | Learned a level 2 spell: Ensorcelled Hibernation
  6596 | D:9      | Learned a level 3 spell: Confusing Touch
  6600 | D:9      | Learned a level 3 spell: Tukima's Dance
  6604 | D:9      | Learned a level 3 spell: Dazzling Flash
  6712 | D:9      | Found Howudosh's Armour Shop.
  6746 | D:9      | Reached * piety under Yredelemnul
  6778 | D:9      | Found a staircase to the Orcish Mines.
  6782 | D:9      | HP: 2/82 [disintegration (27)]
  7831 | D:9      | Reached skill level 11 in Stealth
  8033 | D:9      | Noticed a two-headed ogre
  8055 | D:9      | Killed a two-headed ogre
  8055 | D:9      | Reached XP level 11. HP: 58/87 MP: 19/19
  8269 | D:10     | Entered Level 10 of the Dungeon
  8311 | D:10     | Reached ** piety under Yredelemnul
  8472 | D:10     | Reached skill level 5 in Conjurations
  8472 | D:10     | Reached skill level 5 in Summonings
  8472 | D:10     | Reached skill level 5 in Necromancy
  8472 | D:10     | Reached skill level 5 in Translocations
  8472 | D:10     | Reached skill level 5 in Transmutations
  8472 | D:10     | Reached skill level 5 in Fire Magic
  8472 | D:10     | Reached skill level 5 in Ice Magic
  8472 | D:10     | Reached skill level 5 in Air Magic
  8472 | D:10     | Reached skill level 5 in Earth Magic
  8472 | D:10     | Reached skill level 5 in Poison Magic
  8984 | D:11     | Noticed a red ugly thing
  8994 | D:11     | Killed a red ugly thing
  9220 | D:10     | Found a staircase to the Lair.
  9426 | D:11     | Reached *** piety under Yredelemnul
 10496 | D:12     | Noticed Maurice
 10529 | D:12     | Killed Maurice
 10577 | D:12     | Reached XP level 12. HP: 96/96 MP: 22/22
 10759 | D:13     | Noticed Snorg
 10965 | D:13     | Found a gate to the Vaults.
 10965 | D:13     | Noticed a two-headed ogre
 10965 | D:13     | Noticed a centaur warrior
 10965 | D:13     | Noticed an eight-headed hydra
 10965 | D:13     | Noticed Azrael
 11238 | D:13     | Killed Snorg
 11353 | D:13     | Received a gift from Yredelemnul (a mummy)
 11389 | D:13     | Got a wizard robe
 11402 | D:13     | Noticed a tengu warrior
 11428 | D:13     | Killed a tengu warrior
 11554 | D:13     | Noticed Kirke
 11671 | D:13     | Killed an eight-headed hydra
 11680 | D:13     | Killed a centaur warrior
 11944 | D:13     | Killed a two-headed ogre
 11991 | D:13     | Identified the +2 robe of the Orb Guardian {rPois SInv}
                  | (You found it on level 13 of the Dungeon)
 12017 | D:13     | Noticed Josephine
 12079 | D:13     | Received a gift from Yredelemnul (3 flying skulls)
 12088 | D:13     | Reached skill level 10 in Fighting
 12122 | D:13     | HP: 3/97 [burnt (4)]
 12122 | D:13     | Killed from afar by a hell hound

Illustrated notes

Levels and vault maps discovered:
D:3:      layout_basic
D:4:      layout_basic, overflow_temple_1_default, minmay_manual_mares
D:5:      layout_loops_corners, lightli_temple_of_fire, kennysheep_mini,
          minitemple, kennysheep_mini_moat, serial_shops, shop,
          cheibrodos_sewer_entry_sluice, st_stairs_14, uniq_ijyb
D:6:      layout_rooms, marbit_many_paths, uniq_crazy_yiuf_cottage
D:7:      layout_basic, nicolae_overflow_hidden_temple,
          nicolae_dithmenos_the_darkroom, minmay_temple_entry_ruins,
          uniq_joseph, uniq_maggie
D:8:      kennysheep_housing_project, layout_basic, serial_shops, shop
D:9:      layout_gridville, orc_david_3
D:10:     layout_cross, erik_lair_island
D:11:     layout_stronghold, serial_ice, serial_ice_f, serial_ice_l,
          serial_ice_o, serial_ice_b, kennysheep_opposing_triangles
D:12:     layout_basic, uniq_maurice
D:13:     layout_basic, david_vaults_3, uniq_kirke, uniq_azrael, uniq_josephine,
          uniq_snorg
Temple:   minmay_temple_forest_path

Skill      XL: |  1  2  3  4  5  6  7  8  9 10 11 12 |
---------------+-------------------------------------+-----
Stealth        | 10 11 | 11.9
Invocations    | 1 2 3 4 5 6 7 8 |  8.2
Short Blades   | 1 2 3 4 5 6 7 |  7.5
Axes           | 1 2 3 4 5 6 7 |  7.5
Maces & Flails | 1 2 3 4 5 6 7 |  7.5
Polearms       | 1 2 3 4 5 6 7 |  7.5
Staves         | 1 2 3 4 5 6 7 |  7.5
Slings         | 1 2 3 4 5 6 7 |  7.5
Bows           | 1 2 3 4 5 6 7 |  7.5
Crossbows      | 1 2 3 4 5 6 7 |  7.5
Throwing       | 1 2 3 4 5 6 7 |  7.5
Armour         | 1 2 3 4 5 6 7 |  7.5
Shields        | 1 2 3 4 5 6 7 |  7.5
Unarmed Combat | 1 2 3 4 5 6 7 |  7.5
Spellcasting   | 1 2 3 4 5 6 7 |  7.5
Evocations     | 1 2 3 4 5 6 7 |  7.5
Conjurations   | 1 2 3 4 5 6 |  6.2
Hexes          | 1 2 4 5 6 7 8 |  8.7
Summonings     | 1 2 3 4 5 6 |  6.2
Necromancy     | 1 2 3 4 5 6 |  6.2
Translocations | 1 2 3 4 5 6 |  6.2
Transmutations | 1 2 3 4 5 6 |  6.2
Fire Magic     | 1 2 3 4 5 6 |  6.2
Ice Magic      | 1 2 3 4 5 6 |  6.2
Air Magic      | 1 2 3 4 5 6 |  6.2
Earth Magic    | 1 2 3 4 5 6 |  6.2
Poison Magic   | 1 2 3 4 5 6 |  6.2
Long Blades    | 5 6 7 8 |  8.9
Dodging        | 5 6 7 8 |  8.9
Fighting       | 7 8 9 10 | 10.0

Action                   |  1- 3 |  4- 6 |  7- 9 | 10-12 || total
-------------------------+-------+-------+-------+-------++-------
Melee: Falchion          |    77 |    76 |   235 |   159 ||   547
       Bite              |     9 |    16 |    43 |   137 ||   205
       Dagger            |       |     1 |    69 |   309 ||   379
       Punch             |       |       |    11 |    34 ||    45
       Unarmed           |       |       |     3 |       ||     3
       Scimitar          |       |       |       |   294 ||   294
 Fire: Shortbow          |       |     3 |    45 |    60 ||   108
       Hand crossbow     |       |       |       |    32 ||    32
       Hunting sling     |       |       |       |     3 ||     3
Throw: Stone             |    19 |     7 |       |     3 ||    29
       Dart              |       |       |    22 |    38 ||    60
       Boomerang         |       |       |    10 |    53 ||    63
 Cast: Confusing Touch   |       |       |       |    47 ||    47
       Ensorcelled Hiber |       |       |       |     5 ||     5
       Tukima's Dance    |       |       |       |     6 ||     6
Evoke: Wand              |       |     3 |     9 |    34 ||    46
  Use: Potion            |     1 |     1 |     3 |     1 ||     6
       Scroll            |       |       |     7 |     9 ||    16
 Stab: Sleeping          |     1 |     1 |     8 |    18 ||    28
       Invisible         |       |       |     3 |       ||     3
       Distracted        |       |       |     2 |     3 ||     5
       Paralysed         |       |       |       |     3 ||     3
       Confused          |       |       |       |    52 ||    52
Armor: Leather armour    |    12 |       |       |       ||    12
       Ring mail         |       |    14 |    38 |       ||    52
       Steam dragon scal |       |       |    17 |   142 ||   159
Dodge: Dodged            |    56 |    57 |   166 |   498 ||   777
Block: Buckler           |       |       |       |    26 ||    26
       Rpst.: Falchion   |    22 |    19 |    47 |    32 ||   120
       Scimitar          |       |       |       |    60 ||    60

Table legend: (Time is in decaauts)
 A = Elapsed time spent in this place.
 B = Non-inter-level travel time spent in this place.
 C = Inter-level travel time spent in this place.
 D = Time resting spent in this place.
 E = Time spent auto-exploring this place.
 F = Levels seen in this place.
 G = Mean time per level.
                   A        B        C        D        E       F      G
               +--------+--------+--------+--------+--------+-----+--------+
         Total |  12018 |  11460 |    558 |   3931 |      0 |  13 |  924.5 |
       Dungeon |  11050 |  10533 |    517 |   3452 |      0 |  11 | 1004.5 |
        Temple |     86 |     45 |     41 |      0 |      0 |   1 |   86.0 |
         Sewer |    880 |    880 |      0 |    479 |      0 |   1 |  880.0 |
               +--------+--------+--------+--------+--------+-----+--------+

Top non-repeatable levels by time:
     D:8: 2174 daAuts
    D:11: 1628 daAuts
     D:6: 1406 daAuts
     D:5: 1242 daAuts
    D:12: 888 daAuts
   Sewer: 880 daAuts
     D:4: 808 daAuts
     D:7: 772 daAuts
    D:13: 767 daAuts
     D:9: 761 daAuts
    D:10: 539 daAuts
  Temple: 86 daAuts
     D:3: 60 daAuts
